 Dungeon Crawl Stone Soup version 0.30-a0-528-g8c47a4955b (webtiles) character file.

Game seed: 15868989860851483293

14060 kae the Martial Artist (level 11, 0/99 HPs)
             Began as a Demonspawn Transmuter on Dec 23, 2022.
             Was an Initiate of Ru.
             Killed from afar by an efreet (31 damage)
             ... with a bolt of fire
             ... on level 10 of the Dungeon.
             The game lasted 00:12:36 (11552 turns).

kae the Martial Artist (Demonspawn Transmuter)     Turns: 11552, Time: 00:12:37

Health: 0/99       AC:  8    Str: 10    XL:     11   Next: 83%
Magic:  11/18      EV: 14    Int: 21    God:    Ru [......]
Gold:   626        SH:  0    Dex: 22    Spells: 10/20 levels left

rFire   x . .      SeeInvis .      - Unarmed
rCold   + + +      Faith    .    (shield currently unavailable)
rNeg    + . .      Spirit   .    (body armour currently unavailable)
rPois   +          Reflect  .    (helmet currently unavailable)
rElec   .          Harm     .    (cloak currently unavailable)
rCorr   .          Rampage  .    (gloves currently unavailable)
Will    .....                    (boots currently unavailable)
Stlth   ++                       A - amulet of the acrobat
HPRegen 0.36/turn                d - +6 ring of dexterity
MPRegen 0.16/turn                N - ring of positive energy

@: ice-form, wereblooded
A: freezing attack, amphibious, boosted hp, large, ignite blood 3, big brain 2,
(demonic touch 2)
a: End Transformation, Renounce Religion, Sacrifice an Eye, Sacrifice
Resistance, Sacrifice Purity, Reject Sacrifices


You were on level 10 of the Dungeon.
You worshipped Ru.
Ru was noncommittal.
You were a creature of crystalline ice.
You visited 2 branches of the dungeon, and saw 11 of its levels.
You also visited: Sewer and Ossuary.

You collected 626 gold pieces.


Innate Abilities, Weirdness & Mutations

You are a creature of crystalline ice.
You have a powerful freezing melee attack.
You are amphibious.
Your maximum health is increased.
Your armour is entirely melded.
You are incapable of wielding weapons or throwing items.
Your demonic aura causes all spilled blood to erupt in flames.
You have an extremely huge brain. (Int +4)
((Your touch may inflict irresistible damage on your foes.))


   Skills:
 + Level 6.5 Fighting
 + Level 6.2 Dodging
 * Level 12.5 Unarmed Combat
 - Level 5.0 Spellcasting
 - Level 7.0 Transmutations
 - Level 5.0 Ice Magic
 - Level 1.2 Poison Magic


You had 10 spell levels left.
You knew the following spells:

 Your Spells              Type           Power      Damage    Failure   Level
a - Beastly Appendage     Tmut           68%        N/A       1%          1
b - Wereblood             Tmut           34%        N/A       1%          2
c - Spider Form           Tmut/Pois      22%        N/A       6%          3
d - Ice Form              Ice/Tmut       30%        N/A       9%          4

Your spell library contained the following spells:

 Spells                   Type           Power      Damage    Failure   Level
 Poisonous Vapours        Pois/Air       14%        N/A       13%         2
 Cigotuvi's Dreadful Rot  Necr/Pois/Air  14%        N/A       14%         2
 Blink                    Tloc           10%        N/A       16%         2
 Mephitic Cloud           Conj/Pois/Air  7%         N/A       26%         3
 Animate Dead             Necr           5%         N/A       71%         4
 Manifold Assault         Tloc           5%         N/A       71%         4
 Summon Forest            Summ/Tloc      2%         N/A       96%         5
 Summon Mana Viper        Hex/Summ       5%         N/A       96%         5
 Summon Cactus Giant      Summ           2%         N/A       100%        6
 Haunt                    Necr/Summ      2%         N/A       100%        7
 Malign Gateway           Summ/Tloc      2%         N/A       100%        7
 Storm Form               Tmut/Air       9%         N/A       100%        7
 Infestation              Necr           2%         N/A       100%        8
 Summon Horrible Things   Summ           2%         N/A       100%        8

Inventory:

Missiles
 l - 15 poisoned darts
 z - 2 curare-tipped darts {=f}
 D - 79 stones
 G - 5 boomerangs
 J - 3 javelins
Armour
 a - a +1 robe (melded)
 h - a +2 pair of boots (melded)
   (You found it on level 2 of the Dungeon)
 q - a +0 troll leather armour {Pargi}
   (You found it in a sewer)
Jewellery
 d - a +6 ring of dexterity (left front paw)
   (You found it on level 8 of the Dungeon)
 k - an amulet of magic regeneration
   (You found it on level 5 of the Dungeon)
 n - a ring of positive energy
   (You found it on level 10 of the Dungeon)
 A - an amulet of the acrobat (around neck)
   (You found it on level 4 of the Dungeon)
 C - a ring of ice
   (You found it in a sewer)
 F - a ring of protection from fire
   (You found it on level 9 of the Dungeon)
 N - a ring of positive energy (right front paw)
   (You found it on level 9 of the Dungeon)
 R - a ring of resist corrosion
   (You found it on level 10 of the Dungeon)
Wands
 j - a wand of quicksilver (16)
   (You found it on level 4 of the Dungeon)
 v - a wand of paralysis (9)
   (You found it on level 4 of the Dungeon)
 w - a wand of flame (6)
   (You found it in a sewer)
 x - a wand of mindburst (4)
   (You found it in a sewer)
 y - a wand of iceblast (19)
   (You found it on level 6 of the Dungeon)
Scrolls
 e - a scroll of enchant armour
 f - 6 scrolls of teleportation {@r4}
 s - 2 scrolls of fear
 H - a scroll of noise {unknown}
Potions
 b - 2 potions of lignification {!q}
 c - 2 potions of cancellation
 g - 3 potions of heal wounds {@q2}
 i - 7 potions of curing {@q1}
 m - 4 potions of haste {@q3}
 o - 5 potions of ambrosia
 p - 3 potions of degeneration {unknown}
 r - 3 potions of flight {unknown}
 t - a potion of invisibility
 u - 2 potions of mutation {!q}
 B - a potion of brilliance
 E - 2 potions of attraction {!q}
 I - 3 potions of might
 K - a potion of berserk rage {!q}
 L - a potion of resistance {unknown}

Dungeon Overview and Level Annotations

Branches:
Dungeon (10/15) Zot: 26530  Temple (1/1) D:6 Zot: 5763    Lair (0/5) D:9
  Sewer (visited)         Ossuary (visited)
    Orc: D:9-12

Altars:
Ashenzari
Cheibriados
Dithmenos
Fedhas
Gozag
Hepliaklqana
Makhleb
Nemelex Xobeh
Okawaru
Qazlal
Ru
Sif Muna
Trog
Uskayaw
Vehumet
Wu Jian
Xom
Yredelemnul

Shops:
D:8 *   D:10 *

Annotations:
D:9 1 runed translucent door, exclusion: skeletal warrior

#..#.......#
....###......#
.....##.##.....#
...... #.'......#
+#..#.##.##.#...#
...####...####..#
..##(...#...!##..#
####...#### #..#
##Y## #.# #R# ..
#..zz.# #..z..#
../.#.... .##..
..##. #. #.. ..#
.# # ### ### #


You could see an efreet and 3 wights.


Message History

😎 HP[+1] MP[+1]
You now have 98 max hp (+1).
Your hp is fully restored (98).
You warm up again.
Your +2 pair of boots unmelds from your body.
Your +1 robe unmelds from your body.
The acid dragon spits acid at you. The splash of acid hits you!!
The wight misses you.
Things that are here:
a +0 morningstar; an ugly thing corpse; a wyvern corpse 😮 HP[-37]
You now have 82 max hp (-16).
You take 37 damage, and now have 61/82 hp.
MASSIVE DAMAGE!! (PAUSE)
You howl as the wereblood boils in your veins!
You see here 4 large rocks {=f}.
Casting: Ice Form (dangerous; 9% risk of failure)
Confirm with . or Enter, or press ? or * to list all spells.
You turn into a creature of crystalline ice.
Your +2 pair of boots melds into your body.
Your +1 robe melds into your body.
You howl as the wereblood boils in your veins!
The acid dragon is engulfed in blazing flames. 😕 HP[+13] MP[-4]
You now have 98 max hp (+16).
You regained 13 hp, and now have 74/98 hp.
You lost 4 mp, and now have 10/18 mp.
Casting: Ice Form (dangerous; 9% risk of failure)
Confirm with . or Enter, or press ? or * to list all spells.
Your blood is freshly infused with primal strength!
The acid dragon is engulfed in blazing flames.
The acid dragon bites you!
The acid dragon claws you but does no damage.
The acid dragon is engulfed in blazing flames.
You feel a bit better.
You kill the acid dragon!
A five-headed hydra comes into view. 😮 HP[-5] MP[-1]
You take 5 damage, and now have 69/98 hp.
You lost 1 mp, and now have 9/18 mp.
The wight misses you. The wight hits you with a +4 scimitar!
Items here: ) †††. 😮 HP[-7]
You take 7 damage, and now have 62/98 hp.
The five-headed hydra roars!
You pummel the wight!! You freeze the wight.
You feel a bit better.
You destroy the wight! 😮 HP[+2]
You regained 2 hp, and now have 64/98 hp.
A wight comes into view. It is wielding a +2 war axe.
You see here 4 large rocks {=f}. 😮 HP[+1]
You pummel the five-headed hydra!! You freeze the five-headed hydra.
You punch the five-headed hydra! You freeze the five-headed hydra!
The five-headed hydra is engulfed in blazing flames.
The five-headed hydra bites you but does no damage. x2
The five-headed hydra bites you! The five-headed hydra bites you.
The five-headed hydra bites you!
* * * LOW HITPOINT WARNING * * *
An efreet comes into view.
It is wielding a +4 scimitar of flaming. 😨 HP[-23]
You take 23 damage, and now have 42/98 hp.
MASSIVE DAMAGE!! (PAUSE)
You pummel the five-headed hydra!!
The five-headed hydra seems to slow down.
You freeze the five-headed hydra.
You feel a bit better.
You kill the five-headed hydra! 😨 HP[+3] MP[+1]
You now have 99 max hp (+1).
You regained 3 hp, and now have 45/99 hp.
You howl as the wereblood boils in your veins! 😨 HP[+1]
The wight completely misses you. The wight misses you.
Items here: ) ††††.
The wight attacks as you move away! The wight hits you but does no damage.
You see here 4 large rocks {=f}. 😨 HP[+1]
A wight comes into view. It is wielding a +0 hand axe.
The efreet closely misses you.
You see here 4 large rocks {=f}.
You hit the efreet but do no damage. You hit the efreet. You freeze the efreet.
The efreet gestures at you.
The bolt of fire misses you. 😨 HP[+1] MP[+1] Unknown command.
You punch the efreet! You freeze the efreet. The efreet closely misses you.
You hit the efreet but do no damage.
You howl as the wereblood boils in your veins!
The efreet gestures at you. The bolt of fire hits you!!
The fire burns you terribly!
* * * LOW HITPOINT WARNING * * *
😱 HP[-33]
You take 33 damage, and now have 15/99 hp.
MASSIVE DAMAGE!! (PAUSE)
You punch the efreet! You freeze the efreet! 😱 HP[+1]
You feel much better. The efreet gestures at you. The bolt of fire hits you!!
The fire burns you terribly!
You die...

Skill      XL: |  1  2  3  4  5  6  7  8  9 10 11 |
---------------+----------------------------------+-----
Transmutations | 2 3 4 5 6 7 |  7.0
Unarmed Combat | 3 4 5 9 11 12 | 12.5
Poison Magic   | 1 |  1.2
Spellcasting   | 3 4 5 |  5.0
Ice Magic      | 1 2 4 5 |  5.0
Dodging        | 4 6 |  6.2
Fighting       | 4 6 |  6.5

Action                   |  1- 3 |  4- 6 |  7- 9 | 10-12 || total
-------------------------+-------+-------+-------+-------++-------
Melee: Unarmed           |   137 |   157 |   233 |   238 ||   765
       Kick              |    21 |    35 |       |       ||    56
       Headbutt          |    10 |    14 |       |       ||    24
       Punch             |     3 |     2 |       |       ||     5
       Touch             |       |       |     1 |       ||     1
 Cast: Beastly Appendage |    29 |    22 |     1 |       ||    52
       Spider Form       |     5 |     4 |     6 |       ||    15
       Wereblood         |       |     1 |     3 |    15 ||    19
       Ice Form          |       |     5 |    21 |    28 ||    54
  Use: Scroll            |       |    15 |     3 |     3 ||    21
       Potion            |       |     2 |     1 |     1 ||     4
 Stab: Sleeping          |       |     1 |     1 |       ||     2
Armor: Robe              |    18 |    19 |       |       ||    37
       Skin              |     1 |    20 |    61 |    78 ||   160
Dodge: Dodged            |    89 |    71 |   145 |   204 ||   509

Levels and vault maps discovered:
D:1:      ebering_hopf_link, layout_basic, chequers_arboretum, minmay_tripent
D:2:      layout_basic, dreamdust_ecumenical_altar_drowned_temple,
          hangedman_decor_growths
D:3:      cheibrodos_old_hovel, layout_basic, minmay_misc_feat_ornament
D:4:      nicolae_cairo_tiling_large_dashed, layout_loops_ring,
          gup_ossuary_entry_pyramid
D:5:      layout_rooms, nzn_wu_jian_council_hall, portal_sewer_entry_b
D:6:      layout_basic, temple_fountains
D:7:      layout_loops_cross, minmay_ruffians
D:8:      layout_gridville, mainiacjoe_overflow_boulevard,
          gammafunk_temple_overflow_claw, serial_shops, nicolae_shop_trees,
          kennysheep_generic_room_6, uniq_pikel, uniq_psyche
D:9:      layout_basic, mainiacjoe_overflow_big_doors, minmay_lair_entry_grove,
          minmay_st_funbox
D:10:     layout_stronghold, lemuel_mausoleum_altar_kikubaaqudgha, serial_glass,
          glass_columns_b, glass_columns_c, serial_shops, shop,
          minmay_fractal_squares_gapless_7
Temple:   eino_temple_water

Notes
Turn   | Place    | Note
-------+----------+-------------------------------------------
     0 | D:1      | kae the Demonspawn Transmuter began the quest for the Orb.
     0 | D:1      | Reached XP level 1. HP: 15/15 MP: 3/3
     0 | D:1      | magus.rc [v1.11.3]
   177 | D:1      | Reached skill level 2 in Transmutations
   239 | D:1      | Gained mutation: Your demonic aura sometimes causes spilled
                  | blood to erupt in flames. [demonic ancestry]
   239 | D:1      | Reached XP level 2. HP: 15/21 MP: 3/5
   694 | D:1      | Reached skill level 3 in Unarmed Combat
   727 | D:1      | Gained mutation: You have an unusually large brain. (Int
                  | +2) [demonic ancestry]
   727 | D:1      | Reached XP level 3. HP: 26/26 MP: 4/6
   735 | D:1      | Learned a level 2 spell: Wereblood
   739 | D:1      | Learned a level 3 spell: Spider Form
  1267 | D:2      | You pick up a book of Changes and begin reading...
  1305 | D:2      | Reached skill level 3 in Transmutations
  1422 | D:2      | Found a faded altar of an unknown god.
  1729 | D:3      | Reached XP level 4. HP: 10/32 MP: 7/7
  2068 | D:2      | HP: 8/32 [poisoned by an adder]
  2073 | D:2      | HP: 6/32 [poisoned by an adder]
  2824 | D:3      | Reached skill level 1 in Poison Magic
  2858 | D:3      | Gained mutation: You have an extremely huge brain. (Int +4)
                  | [demonic ancestry]
  2858 | D:3      | Reached XP level 5. HP: 33/37 MP: 7/9
  3064 | D:4      | Found a sand-covered staircase.
  3071 | D:4      | HP: 9/37 [mummy (11)]
  3094 | Ossuary  | Entered an ossuary
  3094 | Ossuary  | Noticed a wraith
  3094 | Ossuary  | Noticed a wraith
  3094 | Ossuary  | Noticed a wraith
  3394 | Ossuary  | Reached skill level 3 in Spellcasting
  3539 | Ossuary  | Learned a level 4 spell: Ice Form
  3589 | Ossuary  | Noticed a wraith
  3609 | Ossuary  | Killed a wraith
  3610 | Ossuary  | Reached skill level 4 in Transmutations
  3610 | Ossuary  | Reached skill level 1 in Ice Magic
  3610 | Ossuary  | Reached XP level 6. HP: 41/43 MP: 10/10
  4094 | D:4      | You add the spells Malign Gateway and Summon Horrible
                  | Things to your library.
  4108 | D:4      | Reached skill level 2 in Ice Magic
  4169 | D:4      | You pick up a book of Death and begin reading...
  4169 | D:4      | You add the spells Animate Dead, Haunt and Infestation to
                  | your library.
  4427 | D:4      | Reached skill level 4 in Unarmed Combat
  4707 | D:5      | Entered Level 5 of the Dungeon
  4716 | D:5      | Reached XP level 7. HP: 26/48 MP: 4/12
  4844 | D:5      | You pick up a book of Vapours and begin reading...
  4844 | D:5      | You add the spells Poisonous Vapours, Cigotuvi's Dreadful
                  | Rot and Mephitic Cloud to your library.
  4854 | D:5      | Reached skill level 5 in Transmutations
  4854 | D:5      | Reached skill level 3 in Ice Magic
  4875 | D:5      | Found a glowing drain.
  4883 | Sewer    | Entered a sewer
  4938 | Sewer    | Noticed Pargi
  4947 | Sewer    | Killed Pargi
  5105 | D:5      | Reached skill level 4 in Spellcasting
  5177 | D:5      | Found an ornate altar of the Wu Jian Council.
  5393 | D:5      | Noticed a hornet
  5402 | D:5      | HP: 9/57 [hornet (10)]
  5404 | D:5      | Killed a hornet
  5405 | D:5      | Reached skill level 4 in Ice Magic
  5405 | D:5      | Gained mutation: Your touch may inflict minor irresistible
                  | damage on your foes. [demonic ancestry]
  5405 | D:5      | Reached XP level 8. HP: 20/54 MP: 6/14
  5407 | D:5      | HP: 16/64 [poisoned by a hornet]
  5850 | D:6      | Found a staircase to the Ecumenical Temple.
  5878 | Temple   | Entered the Ecumenical Temple
  6097 | Temple   | Became a worshipper of Ru the Awakened
  6124 | D:6      | Identified the +5 dagger of Hepliaklqana's Pride {venom,
                  | rCorr}
  6164 | D:6      | Reached skill level 6 in Transmutations
  6464 | D:7      | Reached skill level 5 in Unarmed Combat
  6549 | D:7      | Reached skill level 5 in Ice Magic
  6554 | D:7      | HP: 13/64 [orc wizard/puff of flame (9)]
  6920 | D:7      | Gained mutation: Your demonic aura often causes spilled
                  | blood to erupt in flames. [demonic ancestry]
  6920 | D:7      | Reached XP level 9. HP: 59/59 MP: 10/16
  6997 | D:7      | Reached skill level 5 in Spellcasting
  7019 | D:7      | Reached skill level 6 in Unarmed Combat
  7019 | D:7      | Reached skill level 7 in Transmutations
  7070 | D:7      | HP: 11/67 [wight/+0 scimitar (10)]
  7072 | D:7      | Reached skill level 7 in Unarmed Combat
  7263 | D:7      | Noticed a two-headed ogre
  7277 | D:7      | Killed a two-headed ogre
  7278 | D:7      | Reached skill level 8 in Unarmed Combat
  7457 | D:7      | You pick up a book of the Wilderness and begin reading...
  7457 | D:7      | You add the spells Summon Forest, Summon Mana Viper and
                  | Summon Cactus Giant to your library.
  7557 | D:7      | Reached skill level 9 in Unarmed Combat
  7611 | D:7      | You add the spells Blink, Manifold Assault and Storm Form
                  | to your library.
  8057 | D:8      | Gained mutation: Your touch may inflict irresistible damage
                  | on your foes. [demonic ancestry]
  8057 | D:8      | Reached XP level 10. HP: 65/65 MP: 12/17
  8113 | D:8      | Reached skill level 2 in Dodging
  8122 | D:8      | Found Ocevomoa's General Store.
  8530 | D:8      | Reached skill level 2 in Fighting
  8556 | D:8      | Reached skill level 3 in Dodging
  8564 | D:8      | Reached skill level 10 in Unarmed Combat
  8646 | D:8      | Noticed Pikel
  8657 | D:8      | Killed Pikel
  8658 | D:8      | Reached skill level 3 in Fighting
  8774 | D:8      | Found a sparkling altar of Nemelex Xobeh.
  8777 | D:8      | Noticed Psyche
  8811 | D:8      | Killed Psyche
  8920 | D:8      | Reached skill level 4 in Fighting
  8920 | D:8      | Reached skill level 4 in Dodging
  9040 | D:8      | Found a basalt altar of Yredelemnul.
  9040 | D:8      | Found a burning altar of Makhleb.
  9408 | D:9      | Noticed a manticore
  9411 | D:9      | Found a runed translucent door.
  9418 | D:9      | HP: 14/86 [orc wizard/magic dart (9)]
  9771 | D:9      | Reached skill level 11 in Unarmed Combat
  9784 | D:9      | Gained mutation: Your demonic aura causes all spilled blood
                  | to erupt in flames. [demonic ancestry]
  9784 | D:9      | Reached XP level 11. HP: 78/78 MP: 15/18
  9793 | D:9      | Found a staircase to the Lair.
 10134 | D:9      | Reached skill level 5 in Fighting
 10272 | D:9      | Found a shimmering blue altar of Sif Muna.
 10277 | D:9      | Found a blossoming altar of Fedhas.
 10413 | D:9      | Noticed a two-headed ogre
 10422 | D:9      | Killed a two-headed ogre
 10423 | D:9      | Reached skill level 5 in Dodging
 10593 | D:9      | Noticed a skeletal warrior
 10820 | D:9      | Noticed a skeletal warrior
 11074 | D:10     | Entered Level 10 of the Dungeon
 11198 | D:10     | Noticed a two-headed ogre
 11206 | D:10     | Killed a two-headed ogre
 11276 | D:10     | Reached skill level 12 in Unarmed Combat
 11365 | D:10     | Found Regruar's General Store.
 11456 | D:10     | Reached skill level 6 in Fighting
 11519 | D:10     | Noticed a cyan ugly thing
 11527 | D:10     | Killed a cyan ugly thing
 11529 | D:10     | Reached skill level 6 in Dodging
 11534 | D:10     | Noticed a five-headed hydra
 11541 | D:10     | Killed a five-headed hydra
 11550 | D:10     | HP: 15/99 [efreet/bolt of fire (33)]
 11552 | D:10     | Killed from afar by an efreet

Vanquished Creatures
  A hydra (D:10)
  3 two-headed ogres
  Pikel (D:8)
  A cyclops (D:10)
  An ugly thing (D:10)
  2 gargoyles (D:10)
  Psyche (D:8)
  A troll (D:9)
  A hornet (D:5)
  A centaur simulacrum (D:10)
  5 wyverns
  A shadow (D:9)
  A wraith (Ossuary)
  4 humans (D:7)
  12 yaks
  3 acid dragons
  4 water moccasins
  6 orc warriors
  Pargi (Sewer)
  3 black bears
  4 ogres
  An ice beast (D:6)
  2 wolves (D:9)
  4 centaurs
  A phantom (D:4)
  2 lemures (D:8)
  2 kobold brigands (D:6)
  2 gnoll sergeants (D:8)
  3 bullfrogs
  A necrophage (D:4)
  3 scorpions (D:7)
  12 wights
  17 killer bees
  3 howler monkeys
  2 hounds
  A human zombie (Ossuary)
  6 orc priests
  A gnoll bouda (D:8)
  11 orc wizards
  4 mummies
  12 gnolls (D:8)
  6 adders
  A river rat (D:5)
  2 shadow imps
  2 ufetubi (D:5)
  3 worms
  A dart slug (D:1)
  41 orcs
  8 endoplasms
  5 giant cockroaches
  A gnoll zombie (Ossuary)
  14 goblins
  10 hobgoblins
  6 jackals
  2 quokkas (D:5)
  5 ball pythons
  10 bats
  4 frilled lizards
  A goblin zombie (Ossuary)
  2 hobgoblin zombies (Ossuary)
  14 kobolds
  3 kobold zombies (Ossuary)
  3 rats
  A spectral goblin (D:2)
292 creatures vanquished.

Vanquished Creatures (others)
  A fungus (D:9)
  21 plants
22 creatures vanquished.

Grand Total: 314 creatures vanquished

Table legend:
 A = Non-vault XP
 B = Vault XP
 C = Vault XP percentage of total XP
 D = Non-vault monster count
 E = Vault monster count
 F = Vault count percentage of total count
                 A         B        C        D         E       F
            +---------+---------+-------+---------+---------+-------
      Total |   12709 |    7377 |  36.7 |     237 |      53 |  18.3
            +---------+---------+-------+---------+---------+-------
        D:1 |      46 |       4 |   8.0 |      24 |       2 |   7.7
        D:2 |      53 |       1 |   1.9 |      22 |       1 |   4.3
        D:3 |      99 |       2 |   2.0 |      24 |       1 |   4.0
        D:4 |     213 |      18 |   7.8 |       8 |       1 |  11.1
        D:5 |     762 |      17 |   2.2 |      17 |       4 |  19.0
        D:6 |     514 |       0 |   0.0 |      15 |       0 |   0.0
        D:7 |    2538 |     755 |  22.9 |      36 |       4 |  10.0
        D:8 |    3314 |    1758 |  34.7 |      53 |       7 |  11.7
        D:9 |    2628 |    1464 |  35.8 |      25 |      10 |  28.6
       D:10 |    2542 |    2922 |  53.5 |      13 |       7 |  35.0
      Sewer |       0 |     141 | 100.0 |       0 |       4 | 100.0
    Ossuary |       0 |     295 | 100.0 |       0 |      12 | 100.0
            +---------+---------+-------+---------+---------+-------

Illustrated notes

Table legend:
 A = Kills in this place as a percentage of kills in entire the game.
 B = Kills by you in this place as a percentage of kills by you in the entire game.
 C = Kills by friends in this place as a percentage of kills by friends in the entire game.
 D = Other kills in this place as a percentage of other kills in the entire game.
 E = Experience gained in this place as a percentage of experience gained in the entire game.
 F = Experience gained in this place divided by the number of levels of this place that you have seen.
                   A       B       C       D       E      F
               +-------+-------+-------+-------+-------+----------------------
         Total | 100.0 | 100.0 |   N/A |   N/A | 100.0 | 1545.1
       Dungeon |  94.5 |  94.5 |   N/A |   N/A |  97.8 | 1965.0
         Sewer |   1.4 |   1.4 |   N/A |   N/A |   0.7 | 141.0
       Ossuary |   4.1 |   4.1 |   N/A |   N/A |   1.5 | 295.0
               +-------+-------+-------+-------+-------+----------------------

Table legend: (Time is in decaauts)
 A = Elapsed time spent in this place.
 B = Non-inter-level travel time spent in this place.
 C = Inter-level travel time spent in this place.
 D = Time resting spent in this place.
 E = Time spent auto-exploring this place.
 F = Levels seen in this place.
 G = Mean time per level.
                   A        B        C        D        E       F      G
               +--------+--------+--------+--------+--------+-----+--------+
         Total |  11495 |  11238 |    257 |   1261 |   7891 |  13 |  884.2 |
       Dungeon |  10192 |   9978 |    214 |    808 |   7325 |  10 | 1019.2 |
        Temple |    236 |    193 |     43 |      0 |    180 |   1 |  236.0 |
         Sewer |    133 |    133 |      0 |     37 |     36 |   1 |  133.0 |
       Ossuary |    933 |    933 |      0 |    416 |    350 |   1 |  933.0 |
               +--------+--------+--------+--------+--------+-----+--------+

Top non-repeatable levels by time:
     D:8: 1788 daAuts
     D:7: 1466 daAuts
     D:3: 1215 daAuts
     D:9: 1201 daAuts
 Ossuary: 933 daAuts
     D:1: 933 daAuts
     D:2: 892 daAuts
     D:6: 761 daAuts
     D:4: 738 daAuts
     D:5: 726 daAuts
    D:10: 468 daAuts
  Temple: 236 daAuts
   Sewer: 133 daAuts
